AoeStats
← FC_M@sTer

Arabia

505607722Analyzed
1v1 RM · 23d ago on Sep 10, 2026· 27m 17s· 2 players
Game mode
Random Map
Map size
Tiny (2 player)
Population
200
Speed
Normal
Resources
Standard
Victory
Conquest
Starting age
Dark Age
Ending age
Imperial Age
RankedLock teamsTeams togetherTeam positionsShared explorationLock speedFull tech treeHidden civsTurbo modeCheats
Victory
Defeat
🇨🇴 Persians · Colombia
1521
+17
🇹🇼 Khitans · Taiwan
1537
-17
FC_M@sTer
4:55 Loom
20:36 Feudal Age
21:09 Double-Bit Axe
21:08 Horse Collar
24:30 Castle Age
23:10 Bloodlines
24:14 Scale Barding Armor
26:04 Heavy Plow
26:16 Bow Saw
小八蕊
5:40 Loom
8:37 Feudal Age
9:00 Man-at-Arms
13:58 Double-Bit Axe
25:50 Castle Age
Connection lost

Rejoining the realm…

Still unreachable

The connection could not be restored.

Session expired

The server has moved on; the page needs a fresh start.